 Dungeon Crawl Stone Soup version 0.29-a0-1033-gb6c65ffae6 (webtiles) character file.

Game seed: 7382837049080739756

1450208 Vorhees the Archmage (level 27, 235/269 HPs)
             Began as a Djinni Necromancer on Aug 9, 2022.
             Was an Initiate of Gozag.
             Escaped with the Orb
             ... and 3 runes on Aug 14, 2022!
             The game lasted 03:13:29 (91489 turns).

Vorhees the Archmage (Djinni Necromancer)          Turns: 91489, Time: 03:13:29

Health: 235/269    AC: 40    Str:  7    XL:     27
Gold:   5991       EV: 20    Int: 42    God:    Gozag SH: 19 Dex: 15

rFire   + + +      SeeInvis +   v - +4 morningstar "Zakibb Bease" {antimagic, Int+4}
rCold   + . .      Faith    .   G - +2 shield of Resistance {rF++ rC++ Will++}
rNeg    + + .      Spirit   .   (body armour currently unavailable)
rPois   ∞          Reflect  +   H - +1 hat {Will+}
rElec   +          Harm     .   C - +2 cloak
rCorr   +          Rampage  .   (gloves currently unavailable)
Will    +++++                   (boots unavailable)
Stlth   +.........              Q - amulet "Heux" {Reflect rCorr SH+5}
HPRegen 0.54/turn               t - ring of Generosity {Wiz +Blink Int+8}
MPRegen 0.00/turn               p - ring "Taomalog" {rN+ SInv}

@: statue-form, flying, studying Stealth, very slow
A: slow and powerful, torment resistance 1, flying, boosted hp, sickness
immunity, fire resistance 2, cold vulnerability 1, float, innate caster, HP
casting, extra vitality 1, beak
0: Orb of Zot
}: 3/15 runes: decaying, serpentine, slimy
a: End Transformation, Renounce Religion, Evoke Blink, Potion Petition, Call
Merchant, Bribe Branch


You escaped.
You worshipped Gozag.
Gozag was greatly pleased with you.
You were a living statue of rough stone.
You visited 10 branches of the dungeon, and saw 51 of its levels.
You also visited: Trove and Gauntlet.

You collected 25228 gold pieces.
You spent 6132 gold pieces at shops.
You paid 13105 gold pieces to Gozag.

Inventory:

Hand Weapons
 f - the +1 short sword "Pendulum" {flame, rPois rC++ Will+ Int-2}
   (You bought it in a shop on level 10 of the Dungeon)

   It burns those it strikes, dealing additional fire damage.
   Int:       It affects your intelligence (-2).
   rC:        It greatly protects you from cold.
   rPois:     It protects you from poison.
   Will:      It increases your willpower.
 v - the +4 morningstar "Zakibb Bease" (weapon) {antimagic, Int+4}
   (You found it on level 5 of the Pits of Slime)

   It reduces the magical energy of the wielder, and disrupts the spells and
   magical abilities of those it strikes.
   Natural abilities and divine invocations are not affected.
   Int:       It affects your intelligence (+4).
 F - the +3 dagger "Qenubre" {pain, rElec Will+ Int-4}
   (You found it on level 3 of the Elven Halls)

   In the hands of one skilled in necromantic magic, it inflicts extra damage on
   living creatures.
   Your inability to study Necromancy prevents you from drawing on the full
   power of this weapon.
   Int:       It affects your intelligence (-4).
   rElec:     It insulates you from electricity.
   Will:      It increases your willpower.
Missiles
 q - 6 throwing nets
Armour
 i - a +2 helmet
 u - a +2 pair of gloves (melded)
 C - a +2 cloak (worn)
 G - the +2 shield of Resistance (worn) {rF++ rC++ Will++}
   (You bought it in a shop on level 10 of the Dungeon)

   rF:        It greatly protects you from fire.
   rC:        It greatly protects you from cold.
   Will:      It greatly increases your willpower.
 H - a +1 hat of willpower (worn)
 N - a +1 cloak of willpower
 O - a +2 robe of resistance (melded)
 V - the +4 troll leather armour "Koper" {+Inv Regen+ Str-5 Int+9 Dex-4}
   (You bought it in a shop on level 4 of the Vaults)

   Str:       It affects your strength (-5).
   Int:       It affects your intelligence (+9).
   Dex:       It affects your dexterity (-4).
   +Inv:      It lets you turn invisible.
   Regen:     It increases your rate of health regeneration.
Jewellery
 b - the ring of Veuttargh {Wiz rElec rC- Str+2 Int+5}
   (You found it on level 2 of the Lair of Beasts)

   [ring of wizardry]

   It improves your spell success rate.
   Str:       It affects your strength (+2).
   Int:       It affects your intelligence (+5).
   rC:        It makes you vulnerable to cold.
   rElec:     It insulates you from electricity.
 d - a ring of ice
 l - the amulet of Vitality {RegenMP++ Regen++}
   (You found it on level 3 of the Elven Halls)

   [amulet of magic regeneration]

   It increases your rate of magic regeneration.
   Regen:     It increases your rate of health regeneration.
 p - the ring "Taomalog" (right fist) {rN+ SInv}
   (You found it on level 3 of the Dungeon)

   [ring of positive energy]

   rN:        It protects you from negative energy.
   SInv:      It lets you see invisible.
 t - the ring of Generosity (left fist) {Wiz +Blink Int+8}
   (You bought it in a shop on level 2 of the Orcish Mines)

   [ring of wizardry]

   It improves your spell success rate.
   Int:       It affects your intelligence (+8).
   +Blink:    It lets you blink.
 B - the amulet "Quawydag" {rPois Regen+ Int+6 Dex-5}
   (You found it in a treasure trove)

   [amulet of regeneration]

   Int:       It affects your intelligence (+6).
   Dex:       It affects your dexterity (-5).
   rPois:     It protects you from poison.
   Regen:     It increases your rate of health regeneration.
 J - the ring "Zileh" {Contam rF+++ Str-3 Int+4 SInv}
   (You found it on level 3 of the Depths)

   [ring of see invisible]

   Str:       It affects your strength (-3).
   Int:       It affects your intelligence (+4).
   rF:        It renders you almost immune to fire.
   SInv:      It lets you see invisible.
   Contam:    It causes magical contamination when unequipped.
 K - a +6 ring of intelligence
 Q - the amulet "Heux" (around neck) {Reflect rCorr SH+5}
   (You found it in a treasure trove)

   [amulet of reflection]

   It reflects blocked missile attacks.
   rCorr:     It protects you from acid and corrosion.
   SH:        It affects your SH (+5).
Wands
 a - a wand of mindburst (15)
 h - a wand of flame (63)
 j - a wand of polymorph (20)
 s - a wand of light (41)
 y - a wand of charming (35)
 A - a wand of roots (38)
 E - a wand of digging (6)
Scrolls
 g - 8 scrolls of butterflies
 n - 22 scrolls of teleportation
 o - 2 scrolls of fear
 L - 5 scrolls of poison
 M - a scroll of magic mapping
 P - 4 scrolls of summoning
 T - 4 scrolls of immolation
Potions
 c - a potion of curing
 e - 6 potions of resistance
 k - 12 potions of brilliance
 m - 7 potions of lignification
 r - 2 potions of haste
 w - a potion of cancellation
 x - 8 potions of mutation
 D - 4 potions of invisibility
 I - a potion of ambrosia
Miscellaneous
 R - a condenser vane


   Skills:
 * Level 20.7 Fighting
 - Level 1.0 Axes
 - Level 9.9 Armour
 - Level 16.9 Dodging
 - Level 1.5 Stealth
 - Level 11.4 Shields
 O Level 27 Spellcasting
 + Level 6.3 Evocations


You couldn't memorise any spells.
You knew the following spells:

 Your Spells              Type           Power      Damage    Failure   Level
a - Necrotise             Necr           100%       1d9       0%          1
b - Vampiric Draining     Necr           100%       2d13      0%          3
c - Animate Dead          Necr           100%       N/A       0%          4
d - Agony                 Necr           100%       N/A       0%          5
e - Magic Dart            Conj           100%       1d8       0%          1
f - Blink                 Tloc           100%       N/A       0%          2
g - Scorch                Fire           100%       2d10      0%          2
h - Conjure Flame         Conj/Fire      100%       6-21      0%          3
i - Fulminant Prism       Conj/Hex       68%        3d28      0%          4
j - Summon Forest         Summ/Tloc      68%        N/A       0%          5
k - Statue Form           Tmut/Erth      90%        N/A       0%          6
l - Haunt                 Necr/Summ      68%        N/A       0%          7
m - Dispersal             Tloc           68%        N/A       0%          6
n - Borgnjor's Revivific  Necr           68%        N/A       1%          8
o - Ozocubu's Refrigerat  Ice            68%        4d22      0%          7
p - Dragon's Call         Summ           68%        N/A       1%          9
q - Fire Storm            Conj/Fire      68%        8d17      1%          9
Your spell library was empty.

Dungeon Overview and Level Annotations

Branches:
Dungeon (15/15)            Temple (0/1) D:4            Lair (5/5) D:10
  Swamp (4/4) Lair:3        Snake (4/4) Lair:2        Slime (5/5) Lair:5
    Orc (2/2) D:12            Elf (3/3) Orc:2        Vaults (4/5) D:14
  Crypt (0/3) Vaults:2     Depths (4/4) D:15            Zot (5/5) Depths:4
Gauntlet (visited)

Altars:
Ashenzari
Cheibriados
Dithmenos
Elyvilon
Fedhas
Gozag
Nemelex Xobeh
Okawaru
Ru
Trog
Uskayaw
Xom
Yredelemnul
Zin
The Shining One
Jiyva

Shops:
D:2 [   D:8 [   D:10 (:?![   D:12 =   Orc:2 (==*=   Elf:3 !   Vaults:1 (
Vaults:4 [   Depths:1 (

Portals:
Hell: Depths:1 Depths:2 Depths:3 Depths:4
Abyss: Depths:1 Depths:3
Pandemonium: Depths:1 Depths:2
Ziggurat: Depths:2

Annotations:
D:2 1 runed translucent door, Crazy Yiuf
D:6 1 transporter
Snake:1 6 transporters
Zot:5 2 transporters, Toiku's ghost, veteran HuAr


Innate Abilities, Weirdness & Mutations

You are a living statue of rough stone.
Your actions are slow, but your melee attacks are powerful.
You are resistant to unholy torment.
You are flying.
Your maximum health is greatly increased.
Your equipment is partially melded.
You are immune to sickness and miasma.
You are immune to poison.
Your flesh is very heat resistant. (rF++)
You are vulnerable to cold. (rC-)
You float through the air rather than walking.
You learn spells naturally, not from books.
Your magical power is your life essence.
You have superior vitality. (+4 MHP)
You have a beak for a mouth.


Message History

Your ice dragon tramples the shadow demon.
The shadow demon stumbles backwards!
You see here 8 gold pieces.
Unknown command.
Your ice dragon barely misses the shadow demon.
Your ice dragon claws the shadow demon!
Your ice dragon tramples the shadow demon!
The shadow demon stumbles backwards!
Your ice dragon completely misses the shadow demon.
Your ice dragon claws the shadow demon but does no damage.
Your ice dragon barely misses the shadow demon.
The shadow demon hits your ice dragon but does no damage.
Your ice dragon breathes frost at the shadow demon.
The blast of cold hits the shadow demon.
The shadow demon resists.
A dragon arrives to answer your call!
Your ice dragon disappears in a puff of smoke!
Your quicksilver dragon breathes dispelling energy at the shadow demon.
The bolt of dispelling energy hits the shadow demon!!
The shadow demon dies!
Unknown command.
You swap places.
You swap places.
Your golden dragon disappears in a puff of smoke!
There is an escape hatch in the ceiling here.
A mysterious force pulls you upwards. The hatch slams shut behind you.
Your summoned allies are left behind.
Level annotation: 1 runed translucent door, Crazy Yiuf Unknown command.
There is a stone staircase leading up here.
Unknown command.
You fly upwards.
There is a stone staircase leading down here.
Unknown command.
The roar of the dragon horde subsides.
You see here a +0 club.
You can once more reach out to the dragon horde.
There is a staircase leading out of the dungeon here.
Unknown command.
You have escaped!

#..................# #.....
##..................# #.))..
####....^.........#.#######....
###.....................###...#.#
...†..###...###...###...........#
###...#.............#..........(#
##.(.#.............#...........#
##.......###...###....##..#.##..#
#........#......8#....#..##....##
.........#.......#......###..###
......#.............#...###..# #
..#...#......#......#...##...# #
..#...#.............#.####.#)####
..#......#.......#...............
#...#....#>......#....###.##.###.
.)#......###...###........##.###.
......#.............#...####.#...


There were no monsters in sight!

Vanquished Creatures
  2 caustic shrikes (Depths:3)
  A curse toe (Zot:4)
  A golden dragon (Zot:2)
  Jory (Vaults:2)
  Nikola (Depths:1)
  An electric golem (Zot:3)
  3 tentacled monstrosities
  A Tzitzimitl (D:7)
  2 hellephants (Vaults:4)
  The ghost of Xoff the Eclecticist, an adept GnHW of Vehumet (Elf:3)
  2 liches
  An Ice Fiend (D:12)
  2 deep elf blademasters (Elf:3)
  2 Orb Guardians
  A walking divine tome (Depths:3)
  13 acid blobs
  3 quicksilver dragons
  2 deep elf master archers (Elf:3)
  2 death cobs
  A sphinx (Depths:4)
  A nagaraja (Snake:3)
  2 draconian monks (Zot:2)
  A shadow dragon (Zot:2)
  A tengu reaver (Depths:3)
  2 draconian knights (Zot:3)
  3 storm dragons
  3 rockslimes
  2 vault wardens
  A draconian scorcher (Zot:2)
  5 fire giants
  A frost giant (Depths:4)
  9 deep elf sorcerers
  4 deep elf elementalists (Elf:3)
  A draconian shifter (Zot:2)
  4 draconian stormcallers (Depths:4)
  3 ironbound preservers
  A quicksilver ooze (shapeshifter) (Vaults:3)
  5 very ugly things
  2 draconian annihilators
  2 quicksilver oozes
  5 stone giants
  2 ironbound thunderhulks
  8 deep elf annihilators (Elf:3)
  A green draconian (Zot:2)
  5 black draconians
  6 deep elf demonologists (Elf:3)
  An eleionoma (Swamp:2)
  2 dire elephants
  8 spark wasps
  2 yellow draconians
  5 red draconians
  2 entropy weavers (Vaults:3)
  2 white draconians
  Snorg (D:11)
  6 deep elf death magi
  2 ettins
  A crystal guardian (Vaults:1)
  3 yaktaur captains
  4 deep elf high priests (Elf:3)
  3 fire dragons
  3 great orbs of eyes
  A rakshasa (Depths:3)
  An ice dragon (Depths:4)
  A hell beast (D:13)
  2 boulder beetles
  Harold (D:9)
  2 peacekeepers
  2 spriggan air magi (Depths:4)
  2 vault guards
  8 hydras
  4 centaur warriors
  4 anacondas
  A catoblepas (Lair:4)
  3 ironbound frosthearts
  6 two-headed ogres
  2 dancing weapons
  4 deep troll earth magi
  Urug (D:10)
  A naga warrior (Snake:4)
  3 deep troll shamans (Depths:4)
  A vampire mage (Depths:2)
  6 death yaks (Lair:1)
  5 spriggan berserkers (Depths:2)
  A shock serpent (shapeshifter) (Vaults:4)
  10 deep elf knights
  Nergalle (D:10)
  13 hell knights (Vaults:4)
  A shock serpent (Snake:4)
  A soul eater (Depths:2)
  2 sixfirhies
  3 iron trolls
  A glowing orange brain (Slime:4)
  A spriggan druid (Swamp:3)
  An orb spider (shapeshifter) (Vaults:3)
  A deep troll (shapeshifter) (Elf:2)
  14 deep trolls
  13 ironbound convokers
  A swamp dragon (Swamp:4)
  14 deep elf archers
  A phantasmal warrior (Vaults:3)
  5 wizards
  5 orc knights
  A harpy (shapeshifter) (Elf:1)
  2 harpies (Vaults:4)
  21 deep elf pyromancers
  An orc sorcerer (Orc:2)
  A necromancer (D:15)
  4 oklob plants (Lair:5)
  26 deep elf zephyrmancers
  2 wolf spiders (Lair:5)
  11 ugly things
  A mana viper (Snake:4)
  5 shining eyes
  3 manticores
  10 moths of wrath
  A cyclops (D:12)
  2 naga magi
  An elephant (Lair:4)
  An eye of devastation (Slime:5)
  14 black mambas
  3 torpor snails
  2 vault sentinels
  Joseph (D:10)
  A gargoyle (D:10)
  A centaur zombie (D:15)
  Maurice (Orc:1)
  3 unseen horrors
  A smoke demon (Depths:1)
  Maggie (D:8)
  3 large abominations (D:13)
  5 orange demons
  9 cane toads
  2 rime drakes
  A centaur skeleton (D:15)
  A hellion (Depths:2)
  10 yaktaurs
  2 komodo dragons (Lair:5)
  A hellwing (Depths:1)
  8 trolls
  A polar bear (Lair:5)
  A tyrant leech (Swamp:4)
  87 slime creatures
  Grinder (D:5)
  A hornet (Lair:4)
  A wolf spider simulacrum (D:15)
  2 dream sheep (Lair:4)
  A jumping spider (Vaults:3)
  4 flying skulls (Gauntlet)
  5 shadows
  2 vampires
  7 water elementals
  A ynoxinul (Depths:2)
  14 yaks
  2 fire elementals (Elf:1)
  Eustachio (D:5)
  7 wyverns
  2 steam dragons (D:10)
  A basilisk (D:12)
  3 chaos spawn
  18 golden eyes
  6 redbacks
  2 wargs
  A neqoxec (Depths:2)
  Menkaure (D:6)
  A naga (Snake:2)
  A swamp worm (Swamp:3)
  Duvessa (D:5)
  2 acid dragons
  Edmund (D:6)
  17 water moccasins
  5 floating eyes
  2 ice beasts
  7 orc warriors
  A sky beast (D:8)
  4 ogres
  2 black bears
  5 wolves
  5 centaurs
  2 phantoms (D:5)
  3 kobold brigands
  10 bullfrogs
  Blork the orc (D:4)
  A gnoll sergeant (D:8)
  2 scorpions
  3 necrophages
  4 wights (D:7)
  Dowan (D:5)
  4 killer bees (D:8)
  7 howler monkeys
  4 electric eels
  A jelly (D:6)
  13 orc priests
  3 iguanas
  Natasha (D:3)
  18 orc wizards
  Ijyb (D:4)
  12 hell rats
  Robin (D:4)
  11 gnolls
  10 adders
  A shadow imp (D:6)
  2 white imps
  3 worms
  A dart slug (D:4)
  55 orcs
  5 endoplasms
  A giant cockroach (D:4)
  14 goblins
  15 hobgoblins
  4 quokkas
  7 ball pythons
  4 bats
  3 frilled lizards
  17 kobolds
  7 rats
  A briar patch (Swamp:3)
  A fulminant prism (D:10)
  A snaplasher vine (Lair:4)
962 creatures vanquished.

Vanquished Creatures (collateral kills)
  the Royal Jelly (Slime:5)
  A juggernaut (Depths:3)
  Saint Roka (Vaults:3)
  5 golden dragons
  2 caustic shrikes
  A bone dragon (Depths:4)
  The ghost of Vutraih the Bludgeoner, a veteran GrBe of Trog (Depths:2)
  2 electric golems (Zot:5)
  A hellephant (D:14)
  A Tzitzimitl (Zot:2)
  6 tentacled monstrosities
  3 walking crystal tomes
  5 Orb Guardians
  3 walking frostbound tomes (Zot:2)
  A walking earthen tome (Depths:2)
  2 liches
  2 quicksilver dragons (Snake:4)
  Asterion (Depths:1)
  A titan (Depths:3)
  10 acid blobs
  A deep elf blademaster (Elf:2)
  An ancient champion (Vaults:2)
  2 sphinxes
  2 thorn hunters
  3 tengu reavers
  4 storm dragons
  9 azure jellies
  4 shadow dragons
  A daeva (D:8)
  2 nagarajas
  3 narguns (Zot:2)
  A fenstrider witch (Swamp:3)
  7 rockslimes
  The ghost of leavemydog the Sorcerer, an adept DECj of Vehumet (Elf:3)
  An iron dragon (Depths:3)
  4 frost giants
  2 fire giants (Depths:3)
  2 draconian shifters (Zot:5)
  A juggernaut zombie (Depths:1)
  4 orc warlords
  10 vault wardens
  Aizul (Snake:2)
  4 ghouls (Swamp:2)
  A reaper (Depths:1)
  Louise (Swamp:3)
  10 ironbound preservers
  7 stone giants
  2 war gargoyles (Vaults:4)
  A spriggan defender (Depths:3)
  5 quicksilver oozes (Slime:5)
  10 very ugly things
  6 ironbound thunderhulks
  A vampire knight (Depths:2)
  4 eleionomae
  3 green draconians
  18 dire elephants
  A minotaur (Gauntlet)
  3 spark wasps
  A lorocyproca (Zot:5)
  A purple draconian (Zot:2)
  A deep elf annihilator (Depths:2)
  A red draconian (Zot:5)
  A white draconian (Zot:5)
  3 bunyips
  3 crystal guardians
  A blizzard demon (Zot:5)
  2 ettins
  Josephine (Lair:3)
  3 fire dragons
  8 great orbs of eyes
  3 salamander tyrants
  3 peacekeepers
  7 yaktaur captains
  A boulder beetle (D:13)
  A rakshasa (D:14)
  7 ice dragons
  A catoblepas (D:13)
  6 ironbound frosthearts
  A spriggan air mage (Depths:3)
  16 hydras
  A ghost crab (Swamp:1)
  9 vault guards
  7 centaur warriors
  3 two-headed ogres
  Erica (Orc:1)
  6 anacondas
  4 naga warriors
  A spriggan skeleton (Depths:1)
  A death yak (Lair:4)
  2 deep troll shamans
  A tengu warrior (Swamp:3)
  29 dancing weapons
  A vampire mage (Vaults:2)
  2 deep troll earth magi
  4 hell hogs (D:14)
  6 alligators
  4 shock serpents
  5 naga sharpshooters
  5 hell knights
  3 deep elf knights (Elf:2)
  3 spriggan berserkers
  4 orc high priests
  Amaemon (Lair:2)
  7 spriggans
  A titan skeleton (Depths:1)
  2 iron trolls
  A fire crab (Lair:4)
  8 goliath frogs
  29 deep trolls
  3 salamander mystics
  2 spriggan druids (Swamp:2)
  12 swamp dragons
  A skeletal warrior (Vaults:2)
  A shadow demon (D:3)
  A tengu zombie (Vaults:1)
  5 ironbound convokers
  9 necromancers
  9 naga ritualists
  7 bog bodies
  7 wizards
  3 lindwurms (Vaults:3)
  A phantasmal warrior (Vaults:4)
  14 orc knights
  4 deep elf zephyrmancers
  5 deep elf pyromancers
  2 harpies (Vaults:4)
  A frost giant zombie (Depths:1)
  7 mana vipers
  5 cyclopes
  3 will-o-the-wisps
  29 ugly things
  6 orc sorcerers
  16 salamanders
  3 moths of wrath (Zot:5)
  An elephant (Lair:4)
  A shining eye (Slime:5)
  8 vault sentinels
  3 guardian serpents
  12 naga magi
  46 black mambas
  A smoke demon (D:8)
  An eye of devastation (Slime:5)
  2 centaur skeletons (D:15)
  10 cane toads
  3 torpor snails (Lair:2)
  2 tormentors
  16 yaktaurs
  An efreet (D:15)
  A freezing wraith (Vaults:2)
  5 komodo dragons
  An ice devil (D:6)
  2 tengu conjurers
  A tengu simulacrum (Depths:1)
  2 polar bears
  2 trolls (Orc:2)
  3 hellwings
  4 tyrant leeches
  9 hornets
  26 slime creatures
  3 dream sheep (Lair:4)
  5 blink frogs (Lair:4)
  A vampire (D:13)
  6 wyverns
  17 yaks
  6 wraiths
  18 humans (D:14)
  3 basilisks
  A yaktaur simulacrum (Vaults:4)
  A steam dragon (Lair:4)
  3 vampire mosquitoes (Swamp:2)
  A redback (Lair:5)
  16 swamp worms
  2 wargs
  26 nagas
  An acid dragon (D:14)
  16 water moccasins
  2 floating eyes
  A human skeleton (Vaults:1)
  38 orc warriors
  8 swamp drakes
  2 black bears (Lair:4)
  22 wolves
  6 centaurs
  4 ogres (Orc:1)
  A human zombie (Vaults:1)
  A bullfrog (Lair:2)
  4 earth elementals
  A scorpion (Lair:4)
  4 electric eels
  A crimson imp (D:13)
  13 orc priests
  Natasha (D:3)
  11 orc wizards
  5 hell rats (Lair:4)
  An ufetubus (Vaults:4)
  44 orcs
  An endoplasm (D:1)
  2 bats (D:1)
  A rat (D:1)
  9 briar patches (Swamp:3)
  2 butterflies (Lair:5)
1046 creatures vanquished.

Vanquished Creatures (others)
  2 dread liches (Zot:5)
  An ancient lich (Zot:5)
  2 orbs of fire (Zot:5)
  2 Killer Klowns (Zot:5)
  A golden dragon (Zot:3)
  An electric golem (Zot:5)
  17 Orb Guardians (Zot:5)
  2 tentacled monstrosities
  2 quicksilver dragons
  A death cob (Zot:5)
  A storm dragon (Zot:3)
  2 draconian monks
  3 draconian scorchers
  2 draconian shifters
  A demonspawn blood saint (Zot:5)
  A green draconian (Zot:3)
  A yellow draconian (Zot:5)
  A black draconian (Zot:3)
  5 red draconians (Zot:3)
  A deep elf annihilator (Elf:3)
  A white draconian (Zot:5)
  A purple draconian (Zot:5)
  A blizzard demon (Zot:5)
  A soul eater (Zot:5)
  A shadow demon (Zot:5)
  A spriggan druid (Swamp:2)
  A deep elf pyromancer (D:15)
  A will-o-the-wisp (Swamp:3)
  4 moths of wrath
  A tengu conjurer (Swamp:3)
  2 yaktaurs
  4 bloated husks
  5 dream sheep (D:4)
  An air elemental (Elf:1)
  A vampire mosquito (Swamp:2)
  64 fire vortices
  16 foxfires
  53 fulminant prisms
  58 fungi
  99 plants
  83 snaplasher vines
  6 withered plants
454 creatures vanquished.

Grand Total: 2462 creatures vanquished

Notes
Turn   | Place    | Note
-------+----------+-------------------------------------------
     0 | D:1      | Vorhees the Djinni Necromancer began the quest for the Orb.
     0 | D:1      | Vorhees set off with the following spells memorised:
                  | Necrotise, Vampiric Draining, Animate Dead, Agony.
     0 | D:1      | Reached XP level 1. HP: 15/15 MP: 0/0
   320 | D:1      | Reached XP level 2. HP: 21/21 MP: 0/0
   637 | D:1      | Reached XP level 3. HP: 16/26 MP: 0/0
   637 | D:1      | Learned a level 1 spell: Magic Dart
  1243 | D:2      | Reached skill level 4 in Spellcasting
  1862 | D:2      | Found Recseng's Armour Shop.
  2106 | D:2      | Reached XP level 4. HP: 27/31 MP: 0/0
  2398 | D:2      | Found a runed translucent door.
  2399 | D:2      | Noticed Crazy Yiuf
  2781 | D:3      | Noticed Natasha
  2789 | D:3      | Killed Natasha
  2790 | D:3      | Reached skill level 1 in Fighting
  3096 | D:3      | Found an opulent altar of Gozag.
  3099 | D:3      | Found a faded altar of an unknown god.
  3112 | D:3      | Became a worshipper of Gozag Ym Sagoz the Greedy
  3210 | D:3      | Identified the ring "Taomalog" {rN+ SInv}
  3240 | D:3      | Reached XP level 5. HP: 34/37 MP: 0/0
  3240 | D:3      | Learned a level 2 spell: Blink
  3787 | D:3      | Reached skill level 5 in Spellcasting
  3833 | D:3      | Reached XP level 6. HP: 28/42 MP: 0/0
  4227 | D:3      | Found a blossoming altar of Fedhas.
  4790 | D:3      | Noticed Natasha
  5273 | D:4      | Noticed a +0 hand axe
  5273 | D:4      | Noticed a +0 hand axe
  5273 | D:4      | Found a hide-covered altar of Uskayaw.
  5708 | D:4      | Noticed Blork the orc
  5719 | D:4      | Killed Blork the orc
  5918 | D:4      | Found a glowing silver altar of Zin.
  5952 | D:4      | Noticed Robin
  5966 | D:4      | Killed Robin
  6144 | D:4      | Found a staircase to the Ecumenical Temple.
  6158 | D:4      | Noticed an ogre
  6163 | D:4      | HP: 1/43 [white imp/puff of frost (9)]
  6169 | D:4      | Reached XP level 7. HP: 38/48 MP: 0/0
  6169 | D:4      | Learned a level 2 spell: Scorch
  6262 | D:4      | Reached skill level 6 in Spellcasting
  6905 | D:4      | Noticed a dream sheep
  6905 | D:4      | Noticed a dream sheep
  6905 | D:4      | Noticed a dream sheep
  6905 | D:4      | Noticed a dream sheep
  6905 | D:4      | Noticed a dream sheep
  6905 | D:4      | Found a shimmering altar of Xom.
  6908 | D:4      | Killed a dream sheep
  6908 | D:4      | Killed a dream sheep
  6908 | D:4      | Killed a dream sheep
  6910 | D:4      | Killed a dream sheep
  6911 | D:4      | Killed a dream sheep
  7049 | D:4      | Noticed Ijyb
  7054 | D:4      | Killed Ijyb
  7469 | D:5      | Entered Level 5 of the Dungeon
  7469 | D:5      | Noticed Duvessa
  7469 | D:5      | Noticed Dowan
  7473 | D:5      | Killed Dowan
  7475 | D:5      | Killed Duvessa
  7494 | D:5      | Noticed Eustachio
  7502 | D:5      | Killed Eustachio
  7503 | D:5      | Reached skill level 7 in Spellcasting
  7503 | D:5      | Reached XP level 8. HP: 46/55 MP: 0/0
  7918 | D:5      | Noticed Grinder
  7923 | D:5      | Killed Grinder
  8084 | D:5      | Reached skill level 8 in Spellcasting
  8140 | D:5      | Found a basalt altar of Yredelemnul.
  8269 | D:5      | Found a shadowy altar of Dithmenos.
  8340 | D:5      | Reached XP level 9. HP: 46/60 MP: 0/0
  8340 | D:5      | Learned a level 3 spell: Conjure Flame
  8709 | D:6      | Noticed Menkaure
  8717 | D:6      | Killed Menkaure
  8718 | D:6      | Reached skill level 9 in Spellcasting
  9028 | D:6      | Noticed Edmund
  9034 | D:6      | Killed Edmund
  9337 | D:6      | Found a sparkling altar of Nemelex Xobeh.
  9337 | D:6      | Found a transporter.
  9337 | D:6      | Noticed a boulder beetle
 10851 | D:7      | Reached skill level 10 in Spellcasting
 10851 | D:7      | Reached XP level 10. HP: 57/67 MP: 0/0
 11341 | D:7      | Found a broken altar of Ashenzari.
 11394 | D:7      | Found a sacrificial altar of Ru.
 12302 | D:8      | Reached skill level 1 in Shields
 12472 | D:8      | Noticed a two-headed ogre
 12473 | D:8      | Noticed Maggie
 12480 | D:8      | Killed a two-headed ogre
 12481 | D:8      | Reached skill level 11 in Spellcasting
 12485 | D:8      | Killed Maggie
 12864 | D:8      | Found Wotil's Antique Armour Shoppe.
 13451 | D:9      | Noticed a four-headed hydra
 13452 | D:9      | Noticed a centaur warrior
 14101 | D:9      | Killed a centaur warrior
 14102 | D:9      | Reached XP level 11. HP: 39/74 MP: 0/0
 14102 | D:9      | Learned a level 4 spell: Fulminant Prism
 14267 | D:9      | Killed a four-headed hydra
 14268 | D:9      | Reached skill level 5 in Fighting
 14268 | D:9      | Reached skill level 1 in Evocations
 14540 | D:9      | Noticed a four-headed hydra
 14548 | D:9      | Killed a four-headed hydra
 14549 | D:9      | Reached skill level 12 in Spellcasting
 15521 | D:9      | Upgraded the game from 0.29-a0-1016-g236c7fd91e to
                  | 0.29-a0-1019-g84f7d21838
 15523 | D:10     | Entered Level 10 of the Dungeon
 15523 | D:10     | Noticed Nergalle
 15528 | D:10     | Noticed a spectral orc warlord
 15532 | D:10     | Killed Nergalle
 15543 | D:10     | Noticed a centaur warrior
 15937 | D:10     | Killed a centaur warrior
 16330 | D:10     | Noticed Harold
 16350 | D:9      | Killed Harold
 16739 | D:10     | Noticed a two-headed ogre
 16746 | D:9      | Killed a two-headed ogre
 17063 | D:10     | Noticed Urug
 17074 | D:10     | Killed Urug
 17075 | D:10     | Reached skill level 13 in Spellcasting
 17075 | D:10     | Reached XP level 12. HP: 29/82 MP: 0/0
 17761 | D:10     | Found a white marble altar of Elyvilon.
 17799 | D:10     | Found a staircase to the Lair.
 17878 | D:10     | Found a bloodstained altar of Trog.
 18108 | D:10     | Noticed a two-headed ogre
 18114 | D:10     | Killed a two-headed ogre
 18115 | D:10     | Reached skill level 5 in Dodging
 18256 | D:10     | Found Dukuc's Magic Scroll Emporium.
 18257 | D:10     | Found Ezihic's Book Shoppe.
 18257 | D:10     | Noticed Joseph
 18258 | D:10     | Found Ethrak's Antique Armour Shop.
 18266 | D:10     | Killed Joseph
 18267 | D:10     | Found Enasonnunu's Distillery.
 18267 | D:10     | Found Nieseun's Antique Weapon Emporium.
 18382 | D:10     | Bought the +2 shield of Resistance {rF++ rC++ Will++} for
                  | 1692 gold pieces
 18382 | D:10     | Found the +2 shield of Resistance {rF++ rC++ Will++}
 18401 | D:10     | Bought a scroll of poison for 56 gold pieces
 18544 | Lair:1   | Entered Level 1 of the Lair of Beasts
 19690 | Lair:1   | Noticed a death yak
 19690 | Lair:1   | Noticed a death yak
 19690 | Lair:1   | Noticed a death yak
 19692 | Lair:1   | Noticed a death yak
 19692 | Lair:1   | Noticed a death yak
 19692 | Lair:1   | Noticed a death yak
 20065 | Lair:1   | Noticed a five-headed hydra
 20076 | Lair:1   | Killed a death yak
 20076 | Lair:1   | Killed a five-headed hydra
 20077 | Lair:1   | Reached skill level 14 in Spellcasting
 20082 | Lair:1   | Killed a death yak
 20098 | Lair:1   | Killed a death yak
 20098 | Lair:1   | Killed a death yak
 20104 | Lair:1   | Killed a death yak
 20113 | Lair:1   | Killed a death yak
 20114 | Lair:1   | Reached XP level 13. HP: 37/88 MP: 0/0
 20114 | Lair:1   | Learned a level 5 spell: Summon Forest
 20588 | Lair:1   | Upgraded the game from 0.29-a0-1019-g84f7d21838 to
                  | 0.29-a0-1023-g6ae1a4a2c7
 20662 | Lair:2   | You are sucked into a shaft and drop 2 floors!
 21510 | Lair:4   | Noticed a dire elephant
 21563 | Lair:4   | Reached skill level 15 in Spellcasting
 21570 | Lair:4   | Reached skill level 5 in Shields
 21664 | Lair:4   | Found the +4 robe of Folly {Brilliance Will-∞ Int+8}
 21781 | Lair:3   | Found an iron altar of Okawaru.
 22479 | Lair:2   | Identified the ring of Veuttargh {Wiz rElec rC- Str+2
                  | Int+5}
 22727 | Lair:2   | Found a staircase to the Snake Pit.
 22808 | Lair:2   | Noticed Amaemon
 23115 | Lair:2   | Found a snail-covered altar of Cheibriados.
 23906 | Lair:2   | Killed Amaemon
 24091 | Lair:3   | Reached XP level 14. HP: 88/96 MP: 0/0
 24166 | Lair:3   | Found a staircase to the Swamp.
 24257 | Lair:3   | Noticed Josephine
 24274 | Lair:3   | Killed Josephine
 25220 | Lair:4   | Reached skill level 16 in Spellcasting
 25414 | Lair:4   | Killed a dire elephant
 26066 | Lair:5   | Entered Level 5 of the Lair of Beasts
 27256 | Lair:5   | Reached skill level 17 in Spellcasting
 27481 | Lair:5   | Reached XP level 15. HP: 96/103 MP: 0/0
 27481 | Lair:5   | Learned a level 6 spell: Statue Form
 29510 | D:11     | Found a portal to a secret trove of treasure.
 29569 | D:11     | Found a gate leading to a gauntlet.
 29589 | Gauntlet | Entered a Gauntlet
 29589 | Gauntlet | Found a transporter.
 29953 | Gauntlet | Found a transporter.
 29956 | Gauntlet | Found a transporter.
 29957 | Gauntlet | Found a transporter.
 29963 | Gauntlet | Found a runed translucent gate.
 29963 | Gauntlet | Found a runed translucent gate.
 29963 | Gauntlet | Found a runed translucent gate.
 29965 | Gauntlet | Found a transporter.
 29968 | Gauntlet | Found a transporter.
 29969 | Gauntlet | Found a transporter.
 29973 | Gauntlet | Found a runed translucent door.
 29977 | Gauntlet | Found a transporter.
 29980 | Gauntlet | Found a transporter.
 29981 | Gauntlet | Found a transporter.
 29989 | Gauntlet | Found a transporter.
 29992 | Gauntlet | Found a transporter.
 29993 | Gauntlet | Found a transporter.
 30001 | Gauntlet | Found a transporter.
 30052 | Gauntlet | Found a runed translucent door.
 31337 | D:11     | Noticed Snorg
 31347 | D:11     | Killed Snorg
 31718 | D:10     | Bought glowing shadow dragon scales for 1992 gold pieces
 31718 | D:10     | Bought a masterwork scale mail for 216 gold pieces
 31718 | D:10     | Identified the +0 scale mail of Honour {rN+ Regen+ Int+3}
                  | (You bought it in a shop on level 10 of the Dungeon)
 32357 | D:12     | Found a staircase to the Orcish Mines.
 32495 | D:12     | Found Coesew's Jewellery Emporium.
 33168 | D:12     | Reached XP level 16. HP: 112/112 MP: 0/0
 33249 | Orc:1    | Entered Level 1 of the Orcish Mines
 33996 | D:10     | Bought a scroll of enchant armour for 105 gold pieces
 34149 | Orc:2    | Entered Level 2 of the Orcish Mines
 34270 | Orc:1    | Noticed Erica
 34272 | Orc:1    | Killed Erica
 34299 | Orc:1    | Noticed Maurice
 34308 | Orc:1    | Killed Maurice
 34692 | Orc:2    | Reached skill level 18 in Spellcasting
 34991 | Orc:2    | Found a staircase to the Elven Halls.
 35316 | Orc:2    | Reached XP level 17. HP: 101/117 MP: 0/0
 35316 | Orc:2    | Learned a level 7 spell: Haunt
 35460 | Orc:2    | Found Loegiq's Jewellery Boutique.
 35460 | Orc:2    | Found Meyg's Assorted Antiques.
 35472 | Orc:2    | Found Pypegus's Jewellery Emporium.
 35472 | Orc:2    | Found Uxzigheh's Antique Weapon Boutique.
 35488 | Orc:2    | Bought the ring of Generosity {Wiz +Blink Int+8} for 1033
                  | gold pieces
 37533 | D:14     | Found a gate to the Vaults.
 37793 | D:14     | Reached skill level 10 in Fighting
 38509 | D:14     | Reached skill level 19 in Spellcasting
 39141 | D:10     | Bought a masterwork short sword for 216 gold pieces
 39141 | D:10     | Identified the +1 short sword "Pendulum" {flame, rPois rC++
                  | Will+ Int-2} (You bought it in a shop on level 10 of the
                  | Dungeon)
 39283 | Snake:1  | Entered Level 1 of the Snake Pit
 39290 | Snake:1  | Found a transporter.
 39292 | Snake:1  | Found a transporter.
 39355 | Snake:1  | Found a transporter.
 39359 | Snake:1  | Found a transporter.
 40630 | Snake:1  | Found a transporter.
 40632 | Snake:1  | Found a transporter.
 40974 | Snake:1  | Upgraded the game from 0.29-a0-1023-g6ae1a4a2c7 to
                  | 0.29-a0-1027-gcd8c55af63
 41001 | Snake:2  | Reached skill level 5 in Armour
 41124 | Snake:2  | Noticed Aizul
 41817 | Snake:2  | Reached XP level 18. HP: 117/125 MP: 0/0
 41858 | Snake:2  | Killed Aizul
 43680 | Snake:3  | Reached skill level 10 in Dodging
 44063 | Snake:4  | Entered Level 4 of the Snake Pit
 44288 | Snake:4  | Reached skill level 20 in Spellcasting
 44900 | Snake:4  | Noticed a quicksilver dragon
 44901 | Snake:4  | Noticed a quicksilver dragon
 44905 | Snake:4  | Killed a quicksilver dragon
 44912 | Snake:4  | Killed a quicksilver dragon
 45206 | Snake:4  | Got a serpentine rune of Zot
 45372 | Snake:4  | Reached XP level 19. HP: 131/131 MP: 0/0
 45372 | Snake:4  | Learned a level 6 spell: Dispersal
 46185 | Swamp:1  | Entered Level 1 of the Swamp
 47166 | D:11     | You paid a toll of +4 shadow dragon scales to enter a
                  | treasure trove
 47167 | Trove    | Entered a treasure trove
 47200 | Trove    | Identified the amulet "Quawydag" {rPois Regen+ Int+6 Dex-5}
 47202 | Trove    | Identified the amulet "Heux" {Reflect rCorr SH+5}
 47222 | Trove    | Identified the +6 executioner's axe of Bumeinephant {elec,
                  | SInv}
 47264 | Trove    | Reached skill level 10 in Shields
 47264 | Trove    | Reached XP level 20. HP: 138/138 MP: 0/0
 47265 | Trove    | Reached XP level 21. HP: 143/143 MP: 0/0
 47265 | Trove    | Learned a level 8 spell: Borgnjor's Revivification
 48032 | Swamp:2  | Identified the +8 flail of a bailey {vorpal, rPois Str-5
                  | SInv Stlth+}
 49467 | Swamp:3  | Noticed Louise
 49499 | Swamp:3  | Killed Louise
 49836 | Swamp:4  | Entered Level 4 of the Swamp
 50270 | Swamp:4  | Reached skill level 21 in Spellcasting
 51568 | Swamp:4  | Got a decaying rune of Zot
 52177 | D:15     | Entered Level 15 of the Dungeon
 52957 | D:15     | Reached XP level 22. HP: 151/151 MP: 0/0
 53329 | D:15     | Found a staircase to the Depths.
 53465 | Vaults:1 | Entered Level 1 of the Vaults
 53465 | Vaults:1 | Found Cosirch's Antique Weapon Boutique.
 53902 | Vaults:1 | Identified a scroll of acquirement
 54992 | Vaults:1 | Acquired 527 gold pieces
 55499 | Vaults:1 | Reached skill level 22 in Spellcasting
 56933 | Vaults:2 | Noticed Jory
 56946 | Vaults:2 | Killed Jory
 57363 | Vaults:2 | Reached skill level 1 in Axes
 57531 | Vaults:2 | Reached XP level 23. HP: 158/158 MP: 0/0
 57531 | Vaults:2 | Learned a level 7 spell: Ozocubu's Refrigeration
 57989 | Vaults:2 | Found a staircase to the Crypt.
 60931 | Vaults:3 | Reached skill level 23 in Spellcasting
 61240 | Vaults:3 | Noticed Saint Roka
 61262 | Vaults:3 | Killed Saint Roka
 63473 | Vaults:4 | Found a huge runed gate.
 63473 | Vaults:4 | Found a huge runed gate.
 63473 | Vaults:4 | Found a huge runed gate.
 63473 | Vaults:4 | Found a huge runed gate.
 63473 | Vaults:4 | Found a huge runed gate.
 63473 | Vaults:4 | Found a huge runed gate.
 63474 | Vaults:4 | Found a huge runed gate.
 63474 | Vaults:4 | Found a huge runed gate.
 63474 | Vaults:4 | Found a huge runed gate.
 63474 | Vaults:4 | Found a huge runed gate.
 63474 | Vaults:4 | Found a huge runed gate.
 63475 | Vaults:4 | Found a huge runed gate.
 63846 | Vaults:4 | Reached XP level 24. HP: 166/166 MP: 0/0
 64221 | Vaults:4 | Found Haust's Antique Armour Emporium.
 64227 | Vaults:4 | Bought a wizard robe for 182 gold pieces
 64227 | Vaults:4 | Identified the +0 robe of Mipo {rC+} (You bought it in a
                  | shop on level 4 of the Vaults)
 64227 | Vaults:4 | Bought a faintly humming troll leather armour for 640 gold
                  | pieces
 64227 | Vaults:4 | Identified the +4 troll leather armour "Koper" {+Inv Regen+
                  | Str-5 Int+9 Dex-4} (You bought it in a shop on level 4 of
                  | the Vaults)
 64875 | Vaults:4 | Found a huge runed gate.
 64876 | Vaults:4 | Found a huge runed gate.
 64877 | Vaults:4 | Found a huge runed gate.
 64885 | Vaults:4 | Found a huge runed gate.
 64885 | Vaults:4 | Found a huge runed gate.
 64885 | Vaults:4 | Found a huge runed gate.
 64885 | Vaults:4 | Found a huge runed gate.
 64885 | Vaults:4 | Found a huge runed gate.
 64885 | Vaults:4 | Found a huge runed gate.
 64886 | Vaults:4 | Found a huge runed gate.
 64887 | Vaults:4 | Found a huge runed gate.
 64888 | Vaults:4 | Found a huge runed gate.
 64971 | Vaults:4 | Found a huge runed gate.
 64971 | Vaults:4 | Found a huge runed gate.
 64971 | Vaults:4 | Found a huge runed gate.
 64971 | Vaults:4 | Found a huge runed gate.
 64971 | Vaults:4 | Found a huge runed gate.
 64971 | Vaults:4 | Found a huge runed gate.
 64972 | Vaults:4 | Found a huge runed gate.
 64973 | Vaults:4 | Found a huge runed gate.
 64974 | Vaults:4 | Found a huge runed gate.
 64982 | Vaults:4 | Found a huge runed gate.
 64982 | Vaults:4 | Found a huge runed gate.
 64982 | Vaults:4 | Found a huge runed gate.
 65175 | Vaults:4 | Reached skill level 24 in Spellcasting
 65573 | Elf:1    | Entered Level 1 of the Elven Halls
 68766 | Elf:2    | Found a runed translucent gate.
 68766 | Elf:2    | Found a runed translucent gate.
 68766 | Elf:2    | Found a runed translucent gate.
 70326 | Elf:2    | Upgraded the game from 0.29-a0-1027-gcd8c55af63 to
                  | 0.29-a0-1033-gb6c65ffae6
 70328 | Elf:3    | Entered Level 3 of the Elven Halls
 70452 | Elf:3    | Found Roahuh's Distillery.
 70885 | Elf:3    | Reached XP level 25. HP: 173/173 MP: 0/0
 70885 | Elf:3    | Learned a level 9 spell: Dragon's Call
 70953 | Elf:3    | Found a runed translucent gate.
 70954 | Elf:3    | Found a runed translucent gate.
 70955 | Elf:3    | Found a runed translucent gate.
 70963 | Elf:3    | Noticed leavemydog's ghost (adept DECj)
 70963 | Elf:3    | Noticed Xoff's ghost (adept GnHW)
 71011 | Elf:3    | Reached skill level 25 in Spellcasting
 71264 | Elf:3    | Killed leavemydog's ghost
 71283 | Elf:3    | Killed Xoff's ghost
 71859 | Elf:3    | Identified the ring "Koxtorr" {rF+ Str+6}
 72745 | Elf:3    | Identified the +1 robe "Toed" {MP+9 Str+4 Stlth-}
 72745 | Elf:3    | Identified the ring "Rukuoc" {Dex+3 SInv}
 73055 | Elf:3    | Found the amulet of Vitality {RegenMP++ Regen++}
 73091 | Elf:3    | Identified the +1 hand axe of Terra Nullius {protect,
                  | Int+5}
 73114 | Elf:3    | Identified the +1 flail of Tumm {vorpal, +Blink Fly rN+++
                  | Will-}
 73134 | Elf:3    | Identified the +3 dagger "Qenubre" {pain, rElec Will+
                  | Int-4}
 73141 | Elf:3    | Identified the +3 arbalest of Gin and Tonic {vorpal, Will+}
 73840 | Lair:5   | Found a viscous altar of Jiyva.
 73840 | Lair:5   | Found a staircase to the Slime Pits.
 74033 | Slime:1  | Entered Level 1 of the Pits of Slime
 75593 | Slime:5  | Entered Level 5 of the Pits of Slime
 76777 | Slime:5  | Reached skill level 26 in Spellcasting
 76933 | Slime:4  | Reached XP level 26. HP: 152/182 MP: 0/0
 77127 | Slime:5  | Noticed the Royal Jelly
 77133 | Slime:5  | Killed the Royal Jelly
 77479 | Slime:5  | Identified the +4 morningstar "Zakibb Bease" {antimagic,
                  | Int+4}
 77507 | Slime:5  | Identified the amulet "Ythro Baegiam" {Reflect *Slow rPois
                  | Str+9 SH+5 SInv}
 77545 | Slime:5  | Got a slimy rune of Zot
 77961 | Depths:1 | Entered Level 1 of the Depths
 77971 | Depths:1 | Noticed Asterion
 77984 | Depths:1 | Killed Asterion
 78002 | Depths:1 | Found Kisi's Antique Weapon Shoppe.
 78341 | Depths:1 | Identified the +8 chain mail "Dere" {+Inv}
 78423 | Depths:1 | Found a one-way gate to the infinite horrors of the Abyss.
 78667 | Depths:1 | Paralysed by a floating eye for 4 turns
 78932 | Depths:1 | Noticed Nikola
 78939 | Depths:1 | Killed Nikola
 78999 | Depths:1 | Found a shimmering altar of Xom.
 79011 | Depths:1 | Found a shimmering altar of Xom.
 79011 | Depths:1 | Found a shimmering altar of Xom.
 79011 | Depths:1 | Found a shimmering altar of Xom.
 79012 | Depths:1 | Found a shimmering altar of Xom.
 79012 | Depths:1 | Found a shimmering altar of Xom.
 79164 | Depths:1 | Found a gateway to Hell.
 79429 | Depths:1 | Found a one-way gate leading to the halls of Pandemonium.
 80320 | Depths:2 | Found a bloodstained altar of Trog.
 81216 | Depths:2 | Found a runed translucent door.
 81245 | Depths:2 | Found a one-way gateway to a ziggurat.
 81246 | Depths:2 | Paralysed by a floating eye for 2 turns
 81378 | Depths:2 | Noticed Vutraih's ghost (veteran GrBe)
 81411 | Depths:2 | Killed Vutraih's ghost
 81530 | Depths:2 | Found a blossoming altar of Fedhas.
 81588 | Depths:2 | Identified the +10 storm dragon scales of Insecurity {rElec
                  | Str+4}
 81685 | Depths:2 | Gained mutation: You have a beak for a mouth. [a neqoxec]
 83189 | Depths:3 | Identified the ring "Zileh" {Contam rF+++ Str-3 Int+4 SInv}
 83344 | Depths:3 | Reached skill level 27 in Spellcasting
 83439 | Depths:3 | Noticed a juggernaut
 83449 | Depths:3 | Killed a juggernaut
 83450 | Depths:3 | Reached skill level 15 in Dodging
 83510 | Depths:3 | Reached skill level 15 in Fighting
 83772 | Depths:3 | Reached XP level 27. HP: 144/190 MP: 0/0
 83772 | Depths:3 | Learned a level 9 spell: Fire Storm
 84285 | Depths:3 | Found a glowing golden altar of the Shining One.
 84285 | Depths:3 | Found a glowing silver altar of Zin.
 84286 | Depths:3 | Found a white marble altar of Elyvilon.
 85518 | Depths:4 | Entered Level 4 of the Depths
 87002 | Depths:4 | Found a gate to the Realm of Zot.
 87431 | Zot:1    | Entered Level 1 of the Realm of Zot
 88317 | Zot:2    | Identified the +6 double sword of Qamyinas {vamp, *Corrode
                  | Fly rElec Will+++}
 89292 | Zot:5    | Entered Level 5 of the Realm of Zot
 89574 | Zot:5    | Found a transporter.
 89579 | Zot:5    | Noticed Toiku's ghost (veteran HuAr)
 89581 | Zot:5    | Noticed a shard shrike
 89582 | Zot:5    | Noticed a shard shrike
 89728 | Zot:5    | Found a transporter.
 89728 | Zot:5    | Identified the +8 short sword "Zyoraguuly" {vamp, rElec
                  | rPois Str+6 Int-4}
 89832 | Zot:5    | Noticed an orb of fire
 89835 | Zot:5    | Noticed an ancient lich
 89835 | Zot:5    | Noticed a dread lich
 89842 | Zot:5    | Noticed a Killer Klown
 89848 | Zot:5    | Killed an orb of fire
 89856 | Zot:5    | Killed an ancient lich
 89856 | Zot:5    | Noticed an orb of fire
 89862 | Zot:5    | Killed a dread lich
 89929 | Zot:5    | Noticed a Killer Klown
 89999 | Zot:5    | Killed a dread lich
 90116 | Zot:5    | Noticed a dread lich
 90146 | Zot:5    | Killed a Killer Klown
 90196 | Zot:5    | Noticed an orb of fire
 90263 | Zot:5    | Noticed an ancient lich
 90267 | Zot:5    | Noticed a Killer Klown
 90278 | Zot:5    | Killed an orb of fire
 90304 | Zot:5    | Noticed a Killer Klown
 90310 | Zot:5    | Noticed a Killer Klown
 90351 | Zot:5    | Got the Orb of Zot
 91087 | D:13     | Noticed Tucoox the pandemonium lord
 91438 | D:3      | Killed Natasha
 91489 | D:$      | Escaped with the Orb!

Illustrated notes

Levels and vault maps discovered:
D:1:      minmay_arrival_open_corners, layout_rooms, serial_curves,
          eino_curves_04, eino_curves_02, hangedman_decor_riveting,
          minmay_misc_feat_columns
D:2:      layout_basic, serial_shops, shop, uniq_crazy_yiuf_cottage
D:3:      layout_basic, grunt_gozag_statues, general_overflow_altar,
          ebering_ecumenical_altar_mist, uniq_natasha
D:4:      layout_gridville, dancing_weapons_uskayaw, zin_scriptorium,
          kb_xom_exploding_sheep, minmay_temple_entry_mini_moons, serial_glass,
          glass_columns_a, glass_columns_a, uniq_blork_the_orc, uniq_ijyb,
          uniq_robin
D:5:      layout_gridville, kiku_gazebo_garden_becter,
          grunt_dithmenos_smoke_and_mirrors, mainiacjoe_overflow_paths,
          uniq_duvessa, uniq_eustachio, uniq_grinder
D:6:      layout_loops_ring, mainiacjoe_overflow_cross_hatched,
          grunt_nemelex_the_gamble, nicolae_underground_beach, uniq_menkaure,
          uniq_edmund
D:7:      layout_layer_cave, nicolae_ru_sacrificial_ziggurat,
          mainiacjoe_overflow_boulevard, chequers_serial_rivers_small_3,
          minivault_24
D:8:      layout_basic, serial_shops, nicolae_shop_overgrown_old_shop,
          kennysheep_potato, uniq_maggie
D:9:      layout_grid_maze
D:10:     kennysheep_ambush_hall, layout_rooms, elyvilon_altar_1,
          trog_three_pillars_becter, nicolae_wooded_promenade, uniq_urug,
          uniq_nergalle, uniq_joseph, uniq_harold
D:11:     layout_loops_ring, enter_trove_5, gauntlet_entry_generic, uniq_snorg
D:12:     kennysheep_six_static_rooms, layout_basic, orc_0_dummy, serial_shops,
          shop, water_maze_lemuel
D:13:     layout_cross, lightli_wizard_tower
D:14:     orc_temple, layout_basic, grunt_vaults_entry_tiered,
          roderic_roman_lattice
D:15:     grunt_enter_depths_magical_seal, layout_basic,
          chequers_serial_rivers_small_b
Lair:1:   layout_regular_city, serial_bayou_crossing, infiniplex_staircase_pool,
          grunt_megastairs_1
Lair:2:   layout_cave_pods, minmay_snake_entry_six_corridors,
          kennysheep_snail_temple, grunt_megastairs_2, serial_bayou_shore_b,
          uniq_amaemon
Lair:3:   layout_misc_corridors, nicolae_swamp_entry_splash_gauntlet,
          basic_altar, uniq_josephine
Lair:4:   layout_cave_pods, dreamdust_deal_with_the_devil, fungi_pond_lemuel,
          nicolae_lair_lakeside_cave, grunt_megastairs_4
Lair:5:   hangedman_lair_tendril_chambers, layout_regular_city,
          minmay_slime_entry_oklob_open, grunt_forest_large_clearings,
          lemuel_fruit_fields, serial_bayou_shore_a, lemuel_fruit_fields
Swamp:1:  layout_basic_swamp, nicolae_swamp_little_swirl
Swamp:2:  layout_basic_swamp, evilmike_swamp_ruin_house_2,
          nicolae_swamp_spriggan_camp
Swamp:3:  layout_basic_swamp, evilmike_swamp_ruin_house_4, kb_tengu_band,
          uniq_louise
Swamp:4:  swamp_basic_johnstein, layout_basic_swamp
Snake:1:  layout_layer_cave, st_stairs_4, serial_nicolae_subway,
          nicolae_sub_station_crystal, nicolae_sub_station_metal,
          nicolae_sub_station_stone
Snake:2:  layout_misc_corridors, grunt_megastairs_5, uniq_aizul
Snake:3:  layout_grid_shapes
Snake:4:  hellmonk_snake_rune_quicksilver_temple, layout_basic
Slime:1:  layout_caves, nicolae_slime_phagocytosis
Slime:2:  layout_caves
Slime:3:  layout_caves, nicolae_slime_ancient_tower_intersection
Slime:4:  layout_caves
Slime:5
Orc:1:    layout_diamond_mine, basic_altar, mines2_david, uniq_maurice,
          uniq_erica
Orc:2:    grunt_orc_tribal_feast, layout_diamond_mine
Elf:1:    eino_elf_arrival_shootout, layout_onion_city, evilmike_minifort
Elf:2:    nicolae_elf_blades_splatter_lattice
          [nicolae_blade_entry_hurt_lockers], layout_gridlike
Elf:3:    minmay_elf_hall_four_x, layout_loops_corners,
          gammafunk_ghost_cemetery, serial_shops, nicolae_shop_behind_doors
Vaults:1: vaults_standard_mumra_enter_the_diamond, vaults_standard_mumra_x,
          hangedman_vaults_trim, nicolae_vaults_what_the_h,
          grunt_vaults_trifunnel, v_alt_pattern_3, vaults_room_ringed_pool,
          ontoclasm_vaults_claustrophobia, hangedman_vaults_slice,
          nicolae_vaults_back_hallway, layout_vaults_omnibox, serial_shops,
          nicolae_shop_temple_entry_statues_fountains
Vaults:2: minmay_crypt_entry_simple_sparse, vaults_dpeg_emergency_exit,
          nicolae_vaults_network_star, v_misc_2,
          nicolae_vaults_mini_display_case, ontoclasm_vaults_decontamination,
          vaults_room_door_ring, vaults_mumra_hexcomb, vaults_room_pool,
          layout_vaults_omnigrid, uniq_jory
Vaults:3: nicolae_vaults_network_s, ontoclasm_vaults_ring_small,
          hangedman_vaults_slither, v_rooms_5, dpeg_vaults_waves, v_misc_14,
          v_rooms_3, hangedman_vaults_trim, nicolae_vaults_little_squares_1,
          layout_vaults_ring, uniq_saint_roka, uniq_margery
Vaults:4: vaults_room_corners, not_door_vault_due, hangedman_vaults_maws,
          nicolae_vaults_shelves_hall, hangedman_vaults_pinch,
          ontoclasm_vaults_pinch, nicolae_vaults_little_squares_6,
          ontoclasm_vaults_tryst, hangedman_vaults_maws, v_alt_pattern_2,
          nicolae_vaults_network_periphery, nicolae_vaults_little_squares_4,
          nicolae_vaults_little_squares_3, serial_ice_h,
          layout_vaults_omnicross, serial_shops, shop
Depths:1: minmay_curly_fans, layout_cave_pools, hangedman_abyss_entry_splay,
          grunt_pan_entry_spiral, serial_shops, nicolae_square_shop,
          nicolae_water_bricks, hell_entry, xom_redecorated,
          serial_bayou_shore_b, uniq_asterion, uniq_nikola
Depths:2: minmay_the_grid_four_pointed_star
          [minmay_the_grid_triangle_9x9_swiss_cheese,
          minmay_the_grid_triangle_9x9_shrine,
          minmay_the_grid_triangle_9x9_steps,
          minmay_the_grid_triangle_9x9_minimal,
          minmay_the_grid_prize_trominoes], layout_gridville, enter_ziggurat_c,
          hellmonk_ghost_big_iron, rand_demon_pan_entry_9, hell_entry,
          dk_noncrumbling_4, dk_noncrumbling_3, evilmike_spriggan_trog_shrine,
          minmay_staircase_windowed_large
Depths:3: little_maze_vault, layout_gridlike, abyss_entry,
          grunt_hell_entry_dis_grunt, good_gods_temple_1,
          infiniplex_staircase_hallway_doors
Depths:4: evilmike_zot_entry_argh, layout_cave_pools, grunt_metal_band,
          nicolae_benzene_ring, grunt_tower_of_power
Zot:1:    layout_gridville, uniq_tiamat
Zot:2:    layout_gridlike, nicolae_rock_paper_scissors
Zot:3:    layout_misc_corridors, st_stairs_4, grunt_ministairs_4, nrook_zot_tub
Zot:4:    layout_misc_corridors, st_stairs_5, grunt_ministairs_14
Zot:5:    layout_gridlike, gammafunk_ghost_berserking_beasts

Skill      XL: |  1  2  3  4  5  6  7  8  9 10 11 12 13 14 15 16 17 18 19 20 21 22 23 24 25 26 27 |
---------------+----------------------------------------------------------------------------------+-----
Spellcasting   | 4 5 7 8 10 11 13 14 15 17 18 19 20 21 22 23 24 26 27 | 27.0
Fighting       | 1 2 3 4 5 6 7 8 9 10 11 12 13 14 15 20 | 20.7
Shields        | 2 3 4 5 6 7 8 9 10 11 | 11.4
Dodging        | 3 4 5 6 7 8 9 10 11 12 13 14 15 16 | 16.9
Evocations     | 1 3 4 6 |  6.3
Armour         | 3 5 6 7 8 9 |  9.9
Axes           | 1 |  1.0
Stealth        | |  1.5

Action                   |  1- 3 |  4- 6 |  7- 9 | 10-12 | 13-15 | 16-18 | 19-21 | 22-24 | 25-27 || total
-------------------------+-------+-------+-------+-------+-------+-------+-------+-------+-------++-------
Melee: Mace              |       |       |       |       |    15 |    23 |       |       |       ||    38
       Broad axe         |       |       |       |       |       |       |       |    75 |     2 ||    77
       Morningstar       |       |       |       |       |       |       |       |       |    23 ||    23
       Peck              |       |       |       |       |       |       |       |       |     5 ||     5
 Cast: Necrotise         |    32 |       |       |       |       |       |       |       |     1 ||    33
       Magic Dart        |    43 |   145 |   167 |    86 |    17 |       |       |       |       ||   458
       Blink             |       |     1 |     1 |     1 |     2 |       |       |       |     1 ||     6
       Scorch            |       |       |    75 |   160 |   351 |   207 |    43 |   111 |    20 ||   967
       Fulminant Prism   |       |       |       |    46 |     5 |     1 |       |     2 |       ||    54
       Conjure Flame     |       |       |       |     2 |     2 |       |       |       |       ||     4
       Summon Forest     |       |       |       |       |    83 |    78 |    57 |    66 |    28 ||   312
       Statue Form       |       |       |       |       |    17 |    80 |    40 |    91 |   109 ||   337
       Haunt             |       |       |       |       |       |   117 |   100 |   141 |    77 ||   435
       Dispersal         |       |       |       |       |       |       |       |     2 |       ||     2
       Ozocubu's Refrige |       |       |       |       |       |       |       |   243 |   336 ||   579
       Dragon's Call     |       |       |       |       |       |       |       |       |    20 ||    20
       Fire Storm        |       |       |       |       |       |       |       |       |    95 ||    95
Invok: Potion Petition   |       |       |       |       |     1 |       |       |       |     1 ||     2
       Call Merchant     |       |       |       |       |       |     1 |       |       |       ||     1
       Bribe Branch      |       |       |       |       |       |       |       |       |     4 ||     4
Evoke: Wand              |       |       |     4 |     7 |     1 |     1 |       |     1 |     6 ||    20
  Use: Scroll            |     3 |     9 |     5 |    10 |    16 |     3 |     8 |     5 |    19 ||    78
       Potion            |       |     2 |       |     7 |     3 |       |     6 |     2 |    19 ||    39
 Stab: Distracted        |       |       |       |       |       |       |       |     1 |     1 ||     2
Armor: Robe              |     2 |     2 |     4 |     1 |       |     1 |     7 |    10 |     9 ||    36
       Steam dragon scal |       |       |       |    13 |    18 |       |       |       |       ||    31
       Skin              |       |       |       |       |    63 |   138 |    35 |   175 |   180 ||   591
       Scale mail        |       |       |       |       |       |     2 |       |       |       ||     2
Dodge: Dodged            |     6 |    11 |    21 |    74 |    97 |   145 |    50 |   204 |   228 ||   836
Block: Kite shield       |       |       |       |     9 |   210 |   354 |    88 |   386 |   334 ||  1381
       Reflection        |       |       |       |       |     9 |    25 |     8 |    66 |    15 ||   123

Table legend: (Time is in decaauts)
 A = Elapsed time spent in this place.
 B = Non-inter-level travel time spent in this place.
 C = Inter-level travel time spent in this place.
 D = Time resting spent in this place.
 E = Time spent auto-exploring this place.
 F = Levels seen in this place.
 G = Mean time per level.
                   A        B        C        D        E       F      G
               +--------+--------+--------+--------+--------+-----+--------+
         Total | 100722 |  92619 |   8103 |  15500 |  62067 |  53 | 1900.4 |
       Dungeon |  29554 |  26867 |   2687 |   5491 |  18461 |  15 | 1970.3 |
          Lair |  11724 |  10397 |   1327 |   1965 |   6904 |   5 | 2344.8 |
         Swamp |   6075 |   5795 |    280 |    205 |   4576 |   4 | 1518.8 |
     Snake Pit |   8192 |   7856 |    336 |    279 |   6374 |   4 | 2048.0 |
    Slime Pits |   4082 |   3535 |    547 |   2225 |    287 |   5 |  816.4 |
  Orcish Mines |   2422 |   2042 |    380 |      0 |   1437 |   2 | 1211.0 |
   Elven Halls |   9152 |   8300 |    852 |   1646 |   5134 |   3 | 3050.7 |
        Vaults |  13501 |  13022 |    479 |    182 |  10582 |   4 | 3375.2 |
        Depths |  10796 |  10004 |    792 |   1157 |   7149 |   4 | 2699.0 |
           Zot |   3896 |   3477 |    419 |   1598 |   1028 |   5 |  779.2 |
         Trove |    104 |    104 |      0 |      0 |      0 |   1 |  104.0 |
      Gauntlet |   1219 |   1219 |      0 |    750 |    132 |   1 | 1219.0 |
               +--------+--------+--------+--------+--------+-----+--------+

Top non-repeatable levels by time:
Depths:3: 4262 daAuts
Vaults:2: 4096 daAuts
Vaults:1: 3601 daAuts
     D:9: 3570 daAuts
  Lair:5: 3449 daAuts
   Elf:2: 3431 daAuts
   Elf:3: 3295 daAuts
Vaults:3: 3074 daAuts
    D:14: 2831 daAuts
  Lair:4: 2825 daAuts
Vaults:4: 2728 daAuts
     D:3: 2622 daAuts
Depths:2: 2609 daAuts
 Snake:4: 2496 daAuts
  Lair:2: 2493 daAuts
